 Dungeon Crawl Stone Soup version 0.29-a0-284-gf9362112df (webtiles) character file.

Game seed: 11030169238945879383

97 sammy202020 the Chopper (level 4, 0/41 HPs)
             Began as a Minotaur Berserker on Mar 20, 2022.
             Was a Believer of Trog.
             Killed from afar by an orc wizard (2 damage)
             ... with a puff of flame
             ... on level 3 of the Dungeon.
             The game lasted 00:04:31 (2773 turns).

sammy202020 the Chopper (Minotaur Berserker)        Turns: 2773, Time: 00:04:32

Health: 0/41       AC:  5    Str: 21    XL:     4   Next: 42%
Magic:  3/3        EV: 11    Int:  6    God:    Trog [**....]
Gold:   174        SH:  0    Dex: 10    Spells: 3/3 levels left

rFire   + . .      SeeInvis .   e - +5 whip
rCold   . . .      Faith    .   (no shield)
rNeg    . . .      Spirit   .   s - +0 ring mail
rPois   .          Reflect  .   (helmet restricted)
rElec   .          Harm     .   (no cloak)
rCorr   .          Rampage  .   (no gloves)
Will    .....                   (no boots)
Stlth   ..........              (no amulet)
HPRegen 0.13/turn               j - ring of protection from fire
MPRegen 0.08/turn               (no ring)

@: no status effects
A: horns 2, retaliatory headbutt
a: Renounce Religion, Berserk, Trog's Hand


You were on level 3 of the Dungeon.
You worshipped Trog.
Trog was pleased with you.
You visited 1 branch of the dungeon, and saw 3 of its levels.

You collected 174 gold pieces.

Inventory:

Hand Weapons
 a - a +0 hand axe
 d - a +0 whip of distortion
 e - a +5 whip (weapon)
 r - a +0 mace
 v - a +0 flail
Missiles
 i - 5 poisoned darts (quivered)
Armour
 b - a +0 animal skin
 s - a +0 ring mail (worn)
Jewellery
 j - a ring of protection from fire (left hand)
Wands
 t - a wand of polymorph (4)
Scrolls
 c - 2 scrolls of identify {unknown}
 f - 2 scrolls of vulnerability {unknown}
 g - a scroll of blinking {unknown}
 h - 2 scrolls of holy word {unknown}
 k - 2 scrolls of immolation {unknown}
 o - a scroll of teleportation {unknown}
 p - 2 scrolls of fear {unknown}
 q - a scroll of brand weapon {unknown}
 u - a scroll of magic mapping {unknown}
Potions
 l - 2 potions of heal wounds {unknown}
 m - 2 potions of attraction {unknown}
 n - a potion of degeneration {unknown}


   Skills:
 * Level 4.5 Fighting
 * Level 4.6 Axes
 * Level 3.6 Armour
 + Level 2.7 Dodging


You had 3 spell levels left.
You didn't know any spells.
Your spell library was empty.

Dungeon Overview and Level Annotations

Branches:
Dungeon (3/15)

Altars:
Qazlal
Vehumet
Xom


Innate Abilities, Weirdness & Mutations

You have a pair of horns on your head.
You reflexively headbutt those who attack you in melee.


Message History

The orc freezes you. The orc barely misses you.
You barely miss something.
The orc hits you from afar with a +1 trident of freezing.
The orc freezes you. The orc barely misses you.
Something hits you but does no damage.
You bump into the crystal wall.
You feel less confused. Something hits you but does no damage.
The orc hits you from afar with a +1 trident of freezing.
The orc freezes you. The orc closely misses you. You furiously retaliate!
You headbutt the orc! You hit the orc.
You kill the orc!
Trog accepts your kill. The orc barely misses you.
You hear some strange, mumbled words.
You are confused.
The orc hits you with a +1 trident of freezing.
The orc freezes you. Something hits you but does no damage.
Things that are here:
a +0 flail; a +0 ring mail; an orc corpse You bump into the crystal wall.
The orc closely misses you. Something hits you.
The orc hits you from afar with a +1 trident of freezing!
* * * LOW HITPOINT WARNING * * *
The orc freezes you.
* * * LOW HITPOINT WARNING * * *
Something hits you but does no damage.
The orc hits you from afar with a +1 trident of freezing.
* * * LOW HITPOINT WARNING * * *
The orc freezes you.
* * * LOW HITPOINT WARNING * * *
Something hits you but does no damage.
Okay, then.
You feel less confused.
You see here a scroll labelled ROJ VAETEVVUTAT.
Something hits you but does no damage.
You hear some strange, mumbled words.
A puff of flame appears from out of thin air!
The puff of flame hits you. You resist.
You die...

#............)#
#.###########.# #.## #.#
#..# #####.#### ######'#
#.........
#.###.#...#######.###.####
#....#.#.#.>.....# #.##..
##...#.#....##.###.##.†
#.)o##@#........#....)§
#.#..{.##...#.....)##..
...#.###.#..........##..
+###### .#...#.#.#..##..
.#...#.#.#..##..
.#...#.#.#..##..
##..............
#.............. ..
###...#..........


There were no monsters in sight!

Vanquished Creatures
  3 adders (D:3)
  2 orcs (D:3)
  4 endoplasms
  2 giant cockroaches (D:1)
  3 goblins
  11 hobgoblins
  8 kobolds
  2 quokkas (D:1)
  8 ball pythons
  10 bats
  6 frilled lizards
  8 rats
67 creatures vanquished.

Vanquished Creatures (others)
  A dart slug (D:3)
  An endoplasm (D:3)
  A kobold (D:3)
3 creatures vanquished.

Grand Total: 70 creatures vanquished

Notes
Turn   | Place    | Note
-------+----------+-------------------------------------------
     0 | D:1      | sammy202020 the Minotaur Berserker began the quest for the
                  | Orb.
     0 | D:1      | Reached XP level 1. HP: 19/19 MP: 0/0
   631 | D:1      | Reached XP level 2. HP: 26/27 MP: 1/1
  1591 | D:2      | Found a faded altar of an unknown god.
  1634 | D:2      | Reached XP level 3. HP: 33/33 MP: 2/2
  1648 | D:2      | Found a radiant altar of Vehumet.
  1673 | D:2      | Reached ** piety under Trog
  2445 | D:3      | Reached XP level 4. HP: 41/41 MP: 3/3
  2551 | D:3      | Found a stormy altar of Qazlal.
  2656 | D:3      | Found a shimmering altar of Xom.
  2770 | D:3      | HP: 2/41 [orc/+1 trident of freezing (2)]
  2773 | D:3      | Killed from afar by an orc wizard

Illustrated notes

Levels and vault maps discovered:
D:1:      lemuel_arrival_lava_pool, layout_basic
D:2:      layout_loops_ring, basic_altar, hellmonk_ecumenical_altar_lost_god
D:3:      layout_basic, lemuel_tele_altar, zin_treasury,
          mainiacjoe_overflow_cross_hatched, mainiacjoe_overflow_swirl,
          xom_confusion_cloud, minmay_increasing_density

Skill      XL: |  1  2 |
---------------+-------+-----
Axes           | 4 |  4.6
Armour         | 3 |  3.6
Fighting       | 4 |  4.5
Dodging        | |  2.7

Action                   |  1- 3 |  4- 6 || total
-------------------------+-------+-------++-------
Melee: Hand axe          |    23 |       ||    23
       Headbutt          |     8 |     2 ||    10
       Punch             |     2 |     1 ||     3
       Whip              |    69 |    24 ||    93
Invok: Berserk           |     1 |       ||     1
Armor: Animal skin       |    15 |       ||    15
       Ring mail         |     4 |    16 ||    20
Dodge: Dodged            |    72 |    30 ||   102

Table legend: (Time is in decaauts)
 A = Elapsed time spent in this place.
 B = Non-inter-level travel time spent in this place.
 C = Inter-level travel time spent in this place.
 D = Time resting spent in this place.
 E = Time spent auto-exploring this place.
 F = Levels seen in this place.
 G = Mean time per level.
                   A        B        C        D        E       F      G
               +--------+--------+--------+--------+--------+-----+--------+
         Total |   2779 |   2779 |      0 |      0 |   2323 |   3 |  926.3 |
       Dungeon |   2779 |   2779 |      0 |      0 |   2323 |   3 |  926.3 |
               +--------+--------+--------+--------+--------+-----+--------+

Top non-repeatable levels by time:
     D:1: 1568 daAuts
     D:2: 790 daAuts
     D:3: 420 daAuts
